 Dungeon Sprint DCSS version 0.30-a0-1094-g860fb061e7 (webtiles) character file.

Game seed: 2010770587985879752

10281 BigDaddyOpFi the End of an Era (level 11, 0/111 HPs)
             Began as a Hill Orc Fighter on Apr 17, 2023.
             Was the Champion of Qazlal.
             Slain by a ghost moth (23 damage)
             ... in the Dungeon (Sprint VII: "The Pits").
             The game lasted 00:03:45 (1896 turns).

BigDaddyOpFi the End of an Era (Hill Orc Fighter)   Turns: 1896, Time: 00:03:46

Health: 0/111      AC: 19    Str: 23 (24) XL:     11   Next: 59%
Magic:  0/24       EV: 10    Int:  3 (4)  God:    Qazlal [******]
Gold:   0          SH:  0    Dex: 13 (14) Spells: 10/10 levels left

rFire   + . .      SeeInvis .    p - +1 broad axe "Qeopug" {drain, rF+ Int-4 Dex+4}
rCold   . . .      Faith    .    c - +0 buckler
rNeg    . . .      Spirit   .    f - +2 plate armour
rPois   .          Reflect  .    (no helmet)
rElec   .          Rampage  .    (no cloak)
rCorr   .          NoTele   +    o - +0 pair of gloves
Will    .....                    (no boots) Stlth
                                 (no amulet)
HPRegen 0.38/turn                j - +3 ring of evasion
MPRegen 0.19/turn                (no ring)

@: confused, lethally poisoned (0 -> -5), repel missiles
A: no striking features
a: Renounce Religion, Upheaval, Elemental Force, Disaster Area


You were in the Dungeon.
You worshipped Qazlal.
Qazlal was exalted by your worship.
You visited 1 branch

Inventory:

Hand Weapons
 p - the +1 broad axe "Qeopug" (weapon) {drain, rF+ Int-4 Dex+4}
   (You found it in the Dungeon)

   Int:       It affects your intelligence (-4).
   Dex:       It affects your dexterity (+4).
   rF:        It protects you from fire.
Armour
 c - a +0 buckler (worn)
 f - a +2 plate armour (worn)
 o - a +0 pair of gloves (worn)
Jewellery
 j - a +3 ring of evasion (left hand)
 m - a +3 ring of evasion
Potions
 b - 3 potions of berserk rage
 d - a potion of might
 e - 3 potions of curing
 g - a potion of haste
 h - 4 potions of magic
 i - 2 potions of mutation
 k - a potion of invisibility
 l - 3 potions of heal wounds


   Skills:
 + Level 14.8 Fighting
 + Level 15.6 Axes
 + Level 13.5 Armour
 + Level 13.6 Shields
 * Level 19.6 Invocations


You had 10 spell levels left.
You didn't know any spells.
Your spell library contained the following spells:

 Spells                   Type           Power      Damage    Failure   Level
 Teleport Other           Tloc           0%         N/A       100%        3
 Vhi's Electric Charge    Tloc/Air       0%         N/A       100%        3
 Iskenderun's Mystic Bla  Conj/Tloc      0%         2d3       100%        4
 Disjunction              Tloc           0%         N/A       100%        8


Dungeon Overview and Level Annotations

Branches:
Dungeon (1/1)

Altars:
Ashenzari
Cheibriados
Dithmenos
Elyvilon
Fedhas
Gozag
Hepliaklqana
Kikubaaqudgha
Makhleb
Nemelex Xobeh
Okawaru
Qazlal
Ru
Sif Muna
Trog
Uskayaw
Vehumet
Wu Jian
Xom
Yredelemnul
Zin
The Shining One
Beogh
Jiyva
Lugonu

Annotations:
D Maurice


Message History

The water moccasin poisons you!
Maurice zaps a wand.
Your will is overpowered!
You are confused.
The water moccasin misses you.
Unknown command.
You feel very sick.
You feel you are being watched by something.
You feel your power leaking away.
The water moccasin bites you but does no damage.
You feel very sick.
You feel you are being watched by something.
Something hits you.
You feel dopey.
Deactivating autopickup; reactivate with Ctrl-A.
Something hits you but does no damage. Something stings you!
The phantasmal warrior is engulfed in a cloud of scalding steam.
The phantasmal warrior gestures at you.
The phantasmal warrior blinks!
The steam dragon closely misses you.
The steam dragon claws you but does no damage.
Maurice gestures wildly while chanting.
Maurice blinks!
The jumping spider leaps!
Things that are here:
a +0 short sword; an orc corpse The water moccasin attacks as you move away!
The water moccasin bites you!
You feel sick. Something hits you!! Something hits you!
You feel clumsy. Something stings you!
* * * LOW HITPOINT WARNING * * *
You feel weakened. The steam dragon barely misses you.
The steam dragon closely misses you.
Maurice unwields a +0 dagger.
Maurice drops a +0 dagger.
Maurice picks up a +0 club.
Maurice wields a +0 club.
Maurice takes off a +2 cloak of poison resistance.
Maurice drops a +2 cloak of poison resistance.
Maurice picks up a +2 robe of cold resistance.
Maurice wears a +2 robe of cold resistance.
The water moccasin bites you but does no damage.
You feel you are being watched by something.
Something hits you!!
You die...

# # ########### # ###
†.........## ##§...#
)†....††.†.# #.#.#.#
.†#'######...##§s§§..#
###.##...##+##.#@#.#.#
##...#...#.≈.#.D...§.#
.#≈..#)).#≈..#.S@.§..#
.'.≈.'...+≈.§'.W.○☼..+
.#.≈≈#...#.≈○#.☼☼....#
##...#...#...#.......#
###≈##...##'##≈#≈#.#.#
..#'######)†.##......#
.†.)†).[)..#..##.#.#.#
....)..).)###..##....#
########### ### # ##


You could see Maurice, a phantasmal warrior, a jumping spider, a steam dragon
and a water moccasin (strong).

Vanquished Creatures
  A merfolk javelineer (D)
  A two-headed ogre (D)
  A spriggan druid (D)
  2 phantasmal warriors (D)
  An orc knight (D)
  Pikel (D)
  An elephant (D)
  An orc sorcerer (D)
  An unseen horror (D)
  A komodo dragon (D)
  2 red devils (D)
  A wind drake (D)
  2 merfolk (D)
  6 dream sheep (D)
  A flying skull (D)
  A shadow (D)
  7 yaks (D)
  A ynoxinul (D)
  A redback (D)
  A chaos spawn (D)
  A steam dragon (D)
  2 vampire mosquitoes (D)
  Edmund (D)
  A warg (D)
  3 orc warriors (D)
  A sky beast (D)
  3 lemures (D)
  A kobold brigand (D)
  3 scorpions (D)
  A gnoll sergeant (D)
  3 killer bees (D)
  An iron imp (D)
  2 orc priests (D)
  A gnoll bouda (D)
  4 orc wizards (D)
  A mummy (D)
  9 gnolls (D)
  An ufetubus (D)
  An adder zombie (D)
  10 orcs (D)
  A bat zombie (D)
  2 endoplasms (D)
  6 jackals (D)
  2 bats (D)
  A frilled lizard (D)
96 creatures vanquished.

Vanquished Creatures (others)
  Jessica (D)
  A bat (D)
2 creatures vanquished.

Grand Total: 98 creatures vanquished

Notes
Turn   | Place    | Note
-------+----------+-------------------------------------------
     0 | D        | BigDaddyOpFi the Hill Orc Fighter began the quest for the
                  | Orb.
     0 | D        | Reached XP level 1. HP: 19/19 MP: 1/1
    17 | D        | Noticed a scorpion
    22 | D        | Killed a scorpion
    23 | D        | Reached skill level 5 in Fighting
    23 | D        | Reached skill level 5 in Axes
    23 | D        | Reached skill level 5 in Armour
    23 | D        | Reached skill level 5 in Shields
    23 | D        | Reached XP level 2. HP: 23/30 MP: 2/2
    23 | D        | Reached XP level 3. HP: 28/37 MP: 3/3
    23 | D        | Reached XP level 4. HP: 34/44 MP: 4/4
    34 | D        | Found a bloodstained altar of Trog.
    34 | D        | Found a shimmering blue altar of Sif Muna.
    34 | D        | Found a viscous altar of Jiyva.
    34 | D        | Found a hazy altar of Hepliaklqana.
    34 | D        | Found an opulent altar of Gozag.
    35 | D        | Found a glowing golden altar of the Shining One.
    35 | D        | Found a glowing silver altar of Zin.
    35 | D        | Found a basalt altar of Yredelemnul.
    35 | D        | Found a shimmering altar of Xom.
    35 | D        | Found an ornate altar of the Wu Jian Council.
    35 | D        | Found a sacrificial altar of Ru.
    35 | D        | Found a stormy altar of Qazlal.
    35 | D        | Found an iron altar of Okawaru.
    35 | D        | Found a sparkling altar of Nemelex Xobeh.
    35 | D        | Found a burning altar of Makhleb.
    35 | D        | Found a blossoming altar of Fedhas.
    35 | D        | Found a white marble altar of Elyvilon.
    35 | D        | Found a shadowy altar of Dithmenos.
    35 | D        | Found a snail-covered altar of Cheibriados.
    36 | D        | Found a radiant altar of Vehumet.
    36 | D        | Found a corrupted altar of Lugonu.
    36 | D        | Found a roughly hewn altar of Beogh.
    37 | D        | Found an ancient bone altar of Kikubaaqudgha.
    37 | D        | Found a hide-covered altar of Uskayaw.
    37 | D        | Found a broken altar of Ashenzari.
    40 | D        | Became a worshipper of Qazlal Stormbringer
    74 | D        | Reached * piety under Qazlal
    79 | D        | Noticed a scorpion
    82 | D        | Reached ** piety under Qazlal
   100 | D        | Killed a scorpion
   101 | D        | Reached XP level 5. HP: 39/51 MP: 5/5
   106 | D        | Reached *** piety under Qazlal
   107 | D        | Reached skill level 1 in Invocations
   335 | D        | Noticed a lemure
   336 | D        | Noticed Pikel
   336 | D        | Noticed a lemure
   336 | D        | Noticed a lemure
   336 | D        | Noticed a lemure
   340 | D        | Reached skill level 2 in Invocations
   341 | D        | Noticed Edmund
   343 | D        | Reached skill level 4 in Invocations
   343 | D        | Reached **** piety under Qazlal
   350 | D        | Reached XP level 6. HP: 50/61 MP: 6/9
   354 | D        | Reached skill level 5 in Invocations
   356 | D        | Reached ***** piety under Qazlal
   356 | D        | Killed Edmund
   357 | D        | Reached skill level 7 in Invocations
   370 | D        | HP: 3/62 [constriction (4)]
   407 | D        | Killed Pikel
   408 | D        | Reached skill level 10 in Axes
   408 | D        | Reached skill level 10 in Invocations
   408 | D        | Reached XP level 7. HP: 41/71 MP: 11/14
   417 | D        | Reached XP level 8. HP: 36/79 MP: 11/15
   782 | D        | Noticed an elephant
   797 | D        | Killed an elephant
   797 | D        | Reached ****** piety under Qazlal
   798 | D        | Reached skill level 10 in Fighting
   798 | D        | Reached skill level 11 in Invocations
   813 | D        | Noticed an orc sorcerer
   818 | D        | Noticed an orange demon
   820 | D        | Killed an orc sorcerer
   821 | D        | Reached skill level 12 in Invocations
   821 | D        | Reached XP level 9. HP: 89/89 MP: 16/18
   824 | D        | Reached skill level 10 in Shields
   827 | D        | Reached skill level 10 in Armour
   827 | D        | Reached skill level 13 in Invocations
   955 | D        | Got the +1 broad axe "Qeopug" {drain, rF+ Int-4 Dex+4}
  1030 | D        | Noticed a red devil
  1030 | D        | Noticed a two-headed ogre
  1035 | D        | Killed a red devil
  1039 | D        | Killed a two-headed ogre
  1040 | D        | Reached skill level 14 in Invocations
  1168 | D        | Noticed a merfolk javelineer
  1168 | D        | Noticed a merfolk
  1168 | D        | Noticed a phantasmal warrior
  1168 | D        | Noticed a wind drake
  1169 | D        | Killed a merfolk
  1169 | D        | Killed a wind drake
  1169 | D        | Noticed a merfolk
  1169 | D        | Noticed a phantasmal warrior
  1170 | D        | Reached skill level 15 in Invocations
  1170 | D        | Killed a merfolk
  1170 | D        | Killed a phantasmal warrior
  1170 | D        | Killed a phantasmal warrior
  1171 | D        | Reached skill level 16 in Invocations
  1171 | D        | Reached XP level 10. HP: 75/100 MP: 4/22
  1178 | D        | Killed a merfolk javelineer
  1505 | D        | Got the Tome of the Compass
  1520 | D        | Reached skill level 17 in Invocations
  1525 | D        | Reached XP level 11. HP: 83/108 MP: 7/23
  1536 | D        | Reached skill level 18 in Invocations
  1741 | D        | Noticed an orc knight
  1743 | D        | Killed an orc knight
  1744 | D        | Reached skill level 15 in Axes
  1749 | D        | Reached skill level 19 in Invocations
  1891 | D        | Noticed Jessica
  1891 | D        | Noticed a spriggan druid
  1891 | D        | Noticed a lindwurm
  1891 | D        | Killed Jessica
  1892 | D        | Noticed a phantasmal warrior
  1892 | D        | Noticed Maurice
  1893 | D        | Killed a spriggan druid
  1896 | D        | Slain by a ghost moth

Illustrated notes

Levels and vault maps discovered:
D:        pitsprint [storerooms_1, entrance_room_1, metal_vault_1, armoury_2,
          mini_pit_1, grid_room_1, main_hall_1, silver_pit, the_coven_3,
          the_vestibule_1, steel_vault_3, golden_pit, hallway_of_sentries,
          crystal_vault_1, iron_vault_4, final_vault]

Skill      XL: |  1  2  3  4  5  6  7  8  9 10 11 |
---------------+----------------------------------+-----
Axes           | 5 6 7 10 11 13 14 15 | 15.6
Fighting       | 5 6 7 9 11 12 13 14 | 14.8
Armour         | 5 6 8 9 11 12 13 | 13.5
Shields        | 5 6 8 9 11 12 13 | 13.6
Invocations    | 4 10 12 16 17 19 | 19.6

Action                     |  1- 3 |  4- 6 |  7- 9 | 10-12 || total
---------------------------+-------+-------+-------+-------++-------
  Melee: War axe           |     6 |    53 |    47 |       ||   106
         Broad axe         |       |       |     6 |    21 ||    27
 Invoke: Disaster Area     |       |       |     3 |     5 ||     8
    Use: Potion            |       |    13 |     1 |       ||    14
         Scroll            |       |     1 |       |       ||     1
   Stab: Invisible         |       |     2 |     3 |       ||     5
 Armour: Scale mail        |     2 |    19 |       |       ||    21
         Plate armour      |       |    22 |    25 |    19 ||    66
  Dodge: Dodged            |     4 |    36 |    17 |    13 ||    70
         Repelled          |       |     1 |       |       ||     1
  Block: Buckler           |     1 |    36 |    28 |    18 ||    83

Table legend: (Time is in decaauts)
 A = Elapsed time spent in this place.
 B = Non-inter-level travel time spent in this place.
 C = Inter-level travel time spent in this place.
 D = Time resting spent in this place.
 E = Time spent auto-exploring this place.
 F = Levels seen in this place.
 G = Mean time per level.
                   A        B        C        D        E       F      G
               +--------+--------+--------+--------+--------+-----+--------+
         Total |   1911 |   1843 |     68 |   1327 |      0 |   1 | 1911.0 |
       Dungeon |   1911 |   1843 |     68 |   1327 |      0 |   1 | 1911.0 |
               +--------+--------+--------+--------+--------+-----+--------+

Top non-repeatable levels by time:
       D: 1911 daAuts
